AoeStats
← ITA | GiaggiaZena

Black Forest

509759553Analyzed
4v4 RM · 6d ago on Sep 27, 2026· 39m 19s· 8 players
Game mode
Random Map
Map size
Large (8 player)
Population
200
Speed
Normal
Resources
Standard
Victory
Conquest
Starting age
Dark Age
Ending age
Imperial Age
RankedLock teamsTeams togetherTeam positionsShared explorationLock speedFull tech treeHidden civsTurbo modeCheats
Victory
Defeat
🇺🇸 Malians · United States
1435
+13
🇧🇷 Khmer · Brazil
1363
+16
🇺🇸 Turks · United States
1362
+16
🇷🇺 Danes · Russia
1349
+18
🇮🇹 Japanese · Italy
1395
-17
🇹🇼 Britons · Taiwan
1369
-16
🇫🇷 Persians · France
1350
-15
🇬🇧 Bohemians · United Kingdom
1344
-15
Amauta
0:59 Loom
12:29 Feudal Age
12:57 Double-Bit Axe
12:58 Horse Collar
19:17 Castle Age
17:34 Stone Mining
18:42 Gold Mining
20:12 Bow Saw
20:56 Padded Archer Armor
21:33 Heavy Plow
25:44 Leather Archer Armor
26:30 Fletching
34:44 Imperial Age
36:13 Conscription
36:57 Artillery
38:50 Wheelbarrow
Kyphosis
0:42 Loom
10:34 Feudal Age
10:35 Man-at-Arms
11:06 Double-Bit Axe
13:27 Horse Collar
16:13 Wheelbarrow
18:03 Scale Mail Armor
22:19 Castle Age
21:52 Forging
21:47 Gold Mining
24:35 Gold Shaft Mining
23:42 Long Swordsman
24:22 Squires
24:40 Chain Mail Armor
26:21 Hand Cart
37:39 Imperial Age
34:38 Pikeman
36:25 Iron Casting
36:13 Town Watch
38:20 Bow Saw
38:43 Conscription
40:03 Plate Mail Armor
39:25 Fletching
40:50 Chemistry
tima_1999
11:10 Feudal Age
16:03 Castle Age
13:55 Double-Bit Axe
13:51 Horse Collar
18:04 Wheelbarrow
18:13 Bow Saw
18:04 Heavy Plow
22:40 Loom
24:08 Gold Mining
29:50 Imperial Age
27:46 Hand Cart
28:29 Gold Shaft Mining
28:06 Forging
27:58 Scale Mail Armor
29:57 Onager
32:02 Iron Casting
31:19 Elite Varangian Guard
32:00 Squires
33:11 Chemistry
32:40 Chain Mail Armor
31:56 Siege Onager
32:54 Northmen's Fury
33:55 Conscription
34:47 Plate Mail Armor
35:18 Blast Furnace
35:54 Hamask
Zé Tretinha
3:25 Loom
15:01 Feudal Age
18:13 Castle Age
16:14 Double-Bit Axe
17:19 Horse Collar
19:32 Bow Saw
23:12 Heavy Plow
24:39 Wheelbarrow
26:06 Hand Cart
33:41 Imperial Age
31:42 Scale Barding Armor
31:47 Forging
32:08 Bloodlines
31:58 Husbandry
32:11 Forging
33:08 Chain Barding Armor
34:01 Heavy Scorpion
35:06 Ballistics
34:22 Capped Ram
34:44 Light Cavalry
36:08 Conscription
37:14 Plate Barding Armor
37:14 Iron Casting
37:00 Double Crossbow
37:29 Elite Ballista Elephant
39:20 Siege Engineers
39:14 Hussar
Tzichi
5:28 Loom
13:49 Feudal Age
14:14 Feudal Age
15:19 Double-Bit Axe
18:08 Castle Age
16:49 Town Watch
22:28 Imperial Age
20:51 Bow Saw
22:37 Chemistry
23:19 Town Watch
25:02 Padded Archer Armor
25:39 Scale Mail Armor
25:04 Pikeman
30:27 Wheelbarrow
31:13 Ballistics
31:35 Elite Skirmisher
32:11 Fletching
34:12 Siege Engineers
34:21 Horse Collar
36:21 Houfnice
39:06 Squires
39:34 Chain Mail Armor
Sahraoui
5:10 Loom
10:34 Feudal Age
14:30 Castle Age
12:21 Double-Bit Axe
16:21 Wheelbarrow
24:19 Bow Saw
24:26 Hand Cart
23:54 Horse Collar
24:11 Gold Mining
24:39 Heavy Plow
24:36 Stone Mining
25:54 Stone Shaft Mining
25:58 Gold Shaft Mining
27:13 Light Cavalry
28:03 Bloodlines
28:06 Forging
28:01 Scale Barding Armor
32:55 Imperial Age
32:55 Chain Barding Armor
33:10 Iron Casting
34:56 Plate Barding Armor
34:31 Cavalier
36:01 Pikeman
36:41 Squires
37:43 Blast Furnace
36:43 Scale Mail Armor
36:34 Savar
37:14 Husbandry
ITA | GiaggiaZena
2:07 Loom
9:18 Feudal Age
10:34 Double-Bit Axe
10:47 Man-at-Arms
22:57 Castle Age
26:50 Fletching
夜祈
0:26 Loom
16:09 Feudal Age
20:59 Castle Age
19:24 Fletching
19:26 Double-Bit Axe
19:22 Horse Collar
27:00 Crossbowman
29:47 Ballistics
32:20 Fortified Wall
32:58 Wheelbarrow
32:56 Bodkin Arrow
34:25 Hand Cart
37:19 Imperial Age
35:49 Gold Mining
39:23 Chemistry
37:46 Arbalester
Connection lost

Rejoining the realm…

Still unreachable

The connection could not be restored.

Session expired

The server has moved on; the page needs a fresh start.